[Event "127th NZ Congress Major 2020"]
[Site "Tauranga"]
[Date "2020.01.18"]
[Round "5.5"]
[White "Carpinter, Bernard"]
[Black "Thurner, Anya"]
[Result "1/2-1/2"]
[ECO "E09"]
[WhiteElo "1708"]
[BlackElo "1278"]
[Annotator "NA"]
[PlyCount "35"]
[EventDate "2020.01.14"]
[EventType "swiss"]
[EventCountry "NZL"]
[SourceTitle "playchess.com"]
[Source "ChessBase"]
[SourceQuality "1"]
[TimeControl "40/5400+30:1800+30"]

1. d4 d5 2. c4 e6 3. g3 Nf6 4. Bg2 Be7 5. Nf3 O-O 6. O-O Nbd7 7. Qc2 c6 8. Nbd2 b6 9. b3 Bb7 10. Bb2 Rc8 11. e4 Qc7 12. e5 Ne8 13. cxd5 exd5 14. Rac1 Qb8 15. Qd3 Nc7 16. Rfe1 Ne6 17. h4 Rfd8 18. Nh2 1/2-1/2

[Event "127th NZ Congress Major 2020"]
[Site "Tauranga"]
[Date "2020.01.19"]
[Round "6.1"]
[White "Dai, Oliver"]
[Black "Gold, Hamish"]
[Result "0-1"]
[ECO "C31"]
[WhiteElo "1737"]
[BlackElo "1683"]
[Annotator "NA RC"]
[PlyCount "42"]
[EventDate "2020.01.14"]
[EventType "swiss"]
[EventCountry "NZL"]
[SourceTitle "playchess.com"]
[Source "ChessBase"]
[SourceQuality "1"]
[TimeControl "40/5400+30:1800+30"]

1. e4 e5 2. f4 d5 3. exd5 Nf6 4. d3 Nxd5 5. Nf3 exf4 6. Be2 Be7 7. O-O c5 8. Nc3 g5 9. Ne4 Nc6 10. c4 Nc7 11. Nfxg5 Bxg5 12. Nxg5 Qxg5 13. Rxf4 Qg7 14. Bh5 Be6 15. Be3 O-O-O 16. Bxc5 Qe5 17. b4 Qxf4 18. b5 Ne5 19. g3 Qg5 20. Be2 Nxd3 21. Bxa7 Nf4 0-1

[Event "127th NZ Congress Major 2020"]
[Site "Tauranga"]
[Date "2020.01.19"]
[Round "6.2"]
[White "Patterson, Miles"]
[Black "Tang, Hao"]
[Result "1/2-1/2"]
[ECO "A13"]
[WhiteElo "1954"]
[BlackElo "1624"]
[Annotator "NA RC"]
[PlyCount "58"]
[EventDate "2020.01.14"]
[EventType "swiss"]
[EventCountry "NZL"]
[SourceTitle "playchess.com"]
[Source "ChessBase"]
[SourceQuality "1"]
[TimeControl "40/5400+30:1800+30"]

1. c4 Nf6 2. Nf3 e6 3. g3 d5 4. Bg2 d4 5. d3 (5. e3 c5 6. O-O Nc6 7. exd4 cxd4 8. d3 Bd6 9. Na3 O-O 10. Nc2 e5 11. b4 a6 12. c5 Bc7 13. a4 e4 14. dxe4 d3 15. Nce1 Nxb4 16. Ba3 {½-½ (35) Anton Guijarro,D (2678)-Wang,H (2725) Changsha 2019}) 5... c5 6. b4 {[%emt 0:01:29] A13: English Opening: 1...e6} cxb4 7. a3 Nc6 8. O-O Be7 9. axb4 Nxb4 10. Qb3 $146 ({Predecessor:} 10. Na3 O-O 11. Nb5 Nc6 12. Bf4 Ne8 13. Ne5 Nxe5 14. Bxe5 {1-0 (48) Idani,P (2611)-Zhang,L (2178) Tianjin 2018}) 10... O-O 11. Bb2 Nc6 12. e3 dxe3 13. fxe3 Ng4 14. d4 Na5 15. Qc3 b6 {[%emt 0:00:57] Decoy} 16. Nbd2 Bb7 17. Ba3 Rc8 18. h3 Nf6 19. Qb2 (19. Bxe7 $17 Qxe7 20. Qd3) 19... Ne4 ({Less strong is} 19... Nxc4 20. Nxc4 Bxf3 21. Bxe7 $17) (19... Bxf3 $19 20. Bxf3 Nxc4 21. Nxc4 Rxc4) 20. Bxe7 Qxe7 21. Nxe4 Nxc4 ({Black should try} 21... Bxe4 $17 22. c5 Rb8) 22. Qb1 Nxe3 23. Rf2 f5 24. Ned2 Nxg2 25. Rxg2 Bd5 26. Qb2 Qb7 (26... Qc7 $17) 27. Rf2 f4 28. g4 a5 29. Ne5 $11 Rc7 1/2-1/2

[Event "127th NZ Congress Major 2020"]
[Site "Tauranga"]
[Date "2020.01.19"]
[Round "6.4"]
[White "Deng, Abraham"]
[Black "Carpinter, Bernard"]
[Result "1-0"]
[ECO "C54"]
[WhiteElo "1558"]
[BlackElo "1708"]
[Annotator "NA RC"]
[PlyCount "105"]
[EventDate "2020.01.14"]
[EventType "swiss"]
[EventCountry "NZL"]
[SourceTitle "playchess.com"]
[Source "ChessBase"]
[SourceQuality "1"]
[TimeControl "40/5400+30:1800+30"]

1. e4 e5 2. Nf3 Nc6 3. Bc4 Bc5 4. d3 Nf6 5. c3 O-O 6. Nbd2 d5 7. exd5 Nxd5 8. O-O Nb6 9. Bb5 Bd6 10. Ne4 h6 11. Re1 Ne7 12. Ng3 c6 13. Ba4 Nxa4 14. Qxa4 Ng6 15. h4 Bc7 16. h5 Nf4 17. Nxe5 Bxe5 18. Bxf4 Bxf4 19. Qxf4 Qxd3 20. Rad1 Qb5 21. Rd2 Be6 22. Re5 Qc4 23. Qxc4 Bxc4 24. Rd7 b6 25. Ree7 Bxa2 26. Rxa7 Rxa7 27. Rxa7 Bd5 28. Rb7 b5 29. Nf5 Rd8 30. Ne7+ Kf8 31. Rc7 Rd6 32. Nxd5 Rxd5 33. Rxc6 Rxh5 34. Kf1 Re5 35. c4 bxc4 36. Rxc4 Rb5 37. b4 Ke7 38. Ke2 Kd6 39. Kd3 h5 40. Rd4+ Kc6 41. Rf4 f5 42. Rh4 g6 43. Rc4+ Kd5 44. f4 Rb8 45. Rc5+ Kd6 46. Kc4 Re8 47. Rd5+ Kc6 48. Re5 Rxe5 49. fxe5 f4 50. b5+ Kd7 51. b6 f3 52. gxf3 h4 53. e6+ 1-0

[Event "127th NZ Congress Major 2020"]
[Site "Tauranga"]
[Date "2020.01.19"]
[Round "6.5"]
[White "Zhang, Boyuan"]
[Black "Ashe, Michael"]
[Result "1/2-1/2"]
[ECO "C01"]
[WhiteElo "1588"]
[BlackElo "1460"]
[Annotator "NA RC"]
[PlyCount "44"]
[EventDate "2020.01.14"]
[EventType "swiss"]
[EventCountry "NZL"]
[SourceTitle "playchess.com"]
[Source "ChessBase"]
[SourceQuality "1"]
[TimeControl "40/5400+30:1800+30"]

1. e4 e6 2. d4 d5 3. exd5 exd5 4. Bd3 Nc6 5. Nf3 Bd6 6. O-O Nge7 7. c3 O-O 8. Bg5 h6 9. Bh4 Be6 10. Nbd2 Qd7 11. Bg3 Bxg3 12. fxg3 Bf5 13. Ne1 Bxd3 14. Nxd3 b6 15. Nf3 Ng6 16. Qd2 Rfe8 17. Rae1 Rxe1 18. Rxe1 Re8 19. Nf4 Rxe1+ 20. Qxe1 Nxf4 21. gxf4 Qe7 22. Qxe7 Nxe7 1/2-1/2

[Event "127th NZ Congress Major 2020"]
[Site "Tauranga"]
[Date "2020.01.20"]
[Round "7.1"]
[White "Gold, Hamish"]
[Black "Patterson, Miles"]
[Result "0-1"]
[ECO "C11"]
[WhiteElo "1683"]
[BlackElo "1954"]
[Annotator "NA"]
[PlyCount "50"]
[EventDate "2020.01.14"]
[EventType "swiss"]
[EventCountry "NZL"]
[SourceTitle "playchess.com"]
[Source "ChessBase"]
[SourceQuality "1"]
[TimeControl "40/5400+30:1800+30"]

1. e4 e6 2. Nc3 d5 3. Nf3 Nf6 4. e5 Nfd7 5. d4 b6 6. Bg5 {[%emt 0:06:21] C11: French: Classical System: 4 e5 and 4 Bg5 dxe4} (6. Bd3 Ba6 7. O-O Be7 8. Ne2 Bxd3 9. Qxd3 c5 10. c4 Nc6 11. cxd5 Nb4 12. Qe4 Nxd5 13. Qg4 Kf8 {1-0 (31) Cawdery,D (2428)-Kasparov,S (2451) Port Elizabeth 2019}) 6... Be7 7. h4 O-O 8. Bd3 f6 9. exf6 Nxf6 10. Qe2 $146 ({Predecessor:} 10. Ne5 c5 11. Bxf6 Rxf6 12. Qh5 h6 13. g4 cxd4 14. g5 dxc3 15. gxf6 Bxf6 16. Qf7+ Kh8 17. Ng6+ Kh7 18. Ne7+ {1-0 (18) Choobak,K-Gliksman,D (2270) Anaheim 1984}) 10... c5 11. Bxf6 Rxf6 12. Ng5 Rh6 13. f4 Nc6 14. dxc5 bxc5 15. O-O-O Nd4 16. Qf2 Bf6 (16... Rb8 $142 17. b3 Qa5) 17. g4 ({White should play} 17. Nb1 $1 $15) 17... Nc6 18. Nf3 (18. Qxc5 $18 Qb6 19. Qxb6 axb6 20. Nge4 dxe4 21. Bxe4 Rxh4 22. Bxc6 Rxh1 23. Bxh1 (23. Rxh1 Ra7 $14)) 18... Bxc3 19. bxc3 (19. Qxc5 $16 e5 20. Qxc3) 19... Qa5 {[%emt 0:01:47] [#]} (19... Rf6 $1 $11) 20. g5 (20. Ne5 $1 $16 c4 21. g5 (21. Nxc6 Qa3+ 22. Kd2 cxd3 $11) 21... cxd3 22. gxh6 Qa3+ 23. Kd2) 20... Qxc3 21. gxh6 $4 {[%emt 0:01:17] [#]} (21. Qe1 $11 {and White has nothing to worry.} Qa3+ {[%mdl 64] Double Attack} 22. Kd2) 21... Nb4 $1 22. Bxh7+ Kxh7 23. Ng5+ Kg8 $19 24. h7+ Kh8 25. Rde1 Nd3+ 0-1

[Event "127th NZ Congress Major 2020"]
[Site "Tauranga"]
[Date "2020.01.20"]
[Round "7.2"]
[White "Tang, Hao"]
[Black "Deng, Abraham"]
[Result "1-0"]
[ECO "A47"]
[WhiteElo "1624"]
[BlackElo "1558"]
[Annotator "NA"]
[PlyCount "119"]
[EventDate "2020.01.14"]
[EventType "swiss"]
[EventCountry "NZL"]
[SourceTitle "playchess.com"]
[Source "ChessBase"]
[SourceQuality "1"]
[TimeControl "40/5400+30:1800+30"]

1. d4 Nf6 2. Nf3 e6 3. Bf4 b6 4. e3 Bb7 5. Nbd2 Be7 6. h3 O-O 7. Bd3 c5 8. c3 cxd4 9. cxd4 d6 10. O-O Nc6 11. Bg3 Nb4 12. Bb1 Ba6 13. Re1 Nd3 14. Bxd3 Bxd3 15. Qb3 Ba6 16. e4 Rc8 17. Qa4 Bd3 18. Re3 Bc2 19. Qxa7 Ra8 20. Qb7 Ba4 21. Rc3 d5 22. Bc7 Qd7 23. e5 Ne8 24. Qxa8 Nxc7 25. Qa7 Bd8 26. Rac1 Ne8 27. Qxd7 Bxd7 28. a3 g6 29. b4 Ng7 30. Ra1 Ba4 31. Rc8 Nf5 32. Nb1 b5 33. Nc3 Bb6 34. Nxa4 bxa4 35. Rxf8+ Kxf8 36. Rd1 h6 37. g4 Ne7 38. Rc1 Ke8 39. Kf1 Kd7 40. Ke2 Nc6 41. Kd3 Na7 42. Ne1 Nb5 43. Nc2 Ba7 44. f4 Bb6 45. Rf1 Bd8 46. f5 Ke8 47. fxe6 fxe6 48. Ne3 Be7 49. Ra1 Kd7 50. Nd1 Kc6 51. Nb2 Bd8 52. Nxa4 Kd7 53. Nc5+ Ke7 54. a4 Na7 55. b5 Ba5 56. Rf1 Bb6 57. Rf6 Bxc5 58. dxc5 h5 59. Rxg6 Kf7 60. gxh5 1-0

[Event "127th NZ Congress Major 2020"]
[Site "Tauranga"]
[Date "2020.01.20"]
[Round "7.3"]
[White "Perrin, Brent"]
[Black "Dai, Oliver"]
[Result "1-0"]
[ECO "B12"]
[WhiteElo "1804"]
[BlackElo "1737"]
[Annotator "NA"]
[PlyCount "55"]
[EventDate "2020.01.14"]
[EventType "swiss"]
[EventCountry "NZL"]
[SourceTitle "playchess.com"]
[Source "ChessBase"]
[SourceQuality "1"]
[TimeControl "40/5400+30:1800+30"]

1. e4 c6 2. d4 d5 3. f3 dxe4 4. fxe4 g6 (4... e5 5. Nf3 Bg4 6. Bc4 Nd7 7. c3 b5 8. Bb3 Ngf6 9. O-O Bd6 10. Bg5 O-O 11. Nbd2 h6 12. Bh4 Qc7 13. Qe1 Rae8 14. dxe5 Bxe5 15. Nxe5 Qxe5 {½-½ (34) Paravyan,D (2629)-Wojtaszek,R (2725) Moscow 2019}) 5. Nf3 Bg7 6. Bc4 {[%emt 0:01:53] B12: Caro-Kann: Advance Variation} e6 7. O-O Ne7 8. Bf4 $146 ({Predecessor:} 8. c3 b5 9. Bb3 Nd7 10. Ng5 O-O 11. Nxf7 Qc7 12. Bxe6 {1-0 (37) Duch,M (2275)-Arnold,R Plock 1994}) 8... O-O 9. c3 b6 10. Nbd2 Bb7 11. Qe1 Nd7 12. Qh4 c5 13. Ng5 h5 {[%emt 0:04:59] [#]} 14. Nxf7 $1 Rxf7 15. Bxe6 Kh7 16. Bxf7 cxd4 17. Bg5 Ne5 18. Bxe7 Qd7 19. c4 {[%emt 0:05:59] Remove Defender} d3 20. Bd5 Ng4 21. Bf6 Bxd5 22. Bxg7 Qxg7 23. cxd5 Qd4+ 24. Kh1 Re8 $18 25. h3 Ne5 26. Rac1 Qe3 27. Rc7+ Kg8 28. Qf6 1-0

[Event "127th NZ Congress Major 2020"]
[Site "Tauranga"]
[Date "2020.01.21"]
[Round "8.1"]
[White "Patterson, Miles"]
[Black "Knightbridge, Wayne"]
[Result "1-0"]
[ECO "A14"]
[WhiteElo "1954"]
[BlackElo "1676"]
[Annotator "NA RC"]
[PlyCount "37"]
[EventDate "2020.01.14"]
[EventType "swiss"]
[EventCountry "NZL"]
[SourceTitle "playchess.com"]
[Source "ChessBase"]
[SourceQuality "1"]
[TimeControl "40/5400+30:1800+30"]

1. c4 Nf6 2. Nf3 e6 3. g3 d5 4. Bg2 Be7 5. O-O O-O 6. d3 dxc4 7. dxc4 Qxd1 8. Rxd1 Nc6 9. Bf4 Nb4 10. Nc3 c6 11. a3 Na6 12. b4 Rd8 13. Rxd8+ Bxd8 14. Rd1 Bd7 {[%emt 0:01:50] [#]} (14... Be7 $142 15. Ne5 h6) 15. Ne5 (15. Ne4 $1 $18 {[%cal Re4f6][%mdl 512] and the rest is easy.} Be8 (15... Nxe4 16. Rxd7) 16. Nd6) 15... Be8 16. b5 cxb5 $2 (16... Nc5 $16 {is tougher.}) 17. Bxb7 $18 {[%emt 0:00:19] Double Attack} Rb8 18. Bxa6 bxc4 19. Nxc4 1-0

[Event "127th NZ Congress Major 2020"]
[Site "Tauranga"]
[Date "2020.01.21"]
[Round "8.3"]
[White "Perrin, Brent"]
[Black "Gold, Hamish"]
[Result "1-0"]
[ECO "B22"]
[WhiteElo "1804"]
[BlackElo "1683"]
[Annotator "NA RC"]
[PlyCount "85"]
[EventDate "2020.01.14"]
[EventType "swiss"]
[EventCountry "NZL"]
[SourceTitle "playchess.com"]
[Source "ChessBase"]
[SourceQuality "1"]
[TimeControl "40/5400+30:1800+30"]

1. e4 c5 2. c3 d5 3. exd5 Qxd5 4. d4 Nf6 5. Nf3 Bg4 6. Be2 Nc6 7. Be3 e6 8. O-O Be7 {[%emt 0:01:01] B22: Sicilian: 2 c3} 9. Na3 cxd4 10. Nb5 Qd7 11. Nbxd4 Nxd4 12. Bxd4 O-O 13. h3 Bxf3 $146 ({Predecessor:} 13... Bh5 14. Ne5 Bxe2 15. Nxd7 Bxd1 16. Nxf6+ gxf6 17. Raxd1 {0-1 (75) Richter,K (2120)-Schebler,G (2450) Dortmund 1998}) 14. Bxf3 Qc7 15. Qe2 a6 16. Rfd1 Rad8 17. a4 Rd7 18. a5 Nd5 19. Be4 ({White should play} 19. c4 $16 Nb4 20. Be5 Rxd1+ 21. Rxd1) 19... Nf6 20. Bb6 Qb8 (20... Rxd1+ $14 21. Rxd1 Qc8) 21. Rxd7 Nxd7 {[%emt 0:00:14] [#]} 22. Bxh7+ $1 Kxh7 23. Qd3+ {[%emt 0:00:12] Double Attack} Kg8 24. Qxd7 Bg5 25. Qc7 Qxc7 26. Bxc7 Rc8 27. Bb6 Kf8 28. Rd1 Ke7 29. f3 Bf4 30. Kf1 Bd6 31. Rd3 Kd7 32. Ke2 Kc6 33. b4 $16 Rh8 34. Bd4 e5 35. Bf2 f5 36. Be1 Re8 37. c4 e4 38. Rd1 e3 39. Rd5 f4 40. Rg5 Re7 41. Bc3 Rd7 42. Rg6 Kc7 43. c5 1-0

[Event "127th NZ Congress Major 2020"]
[Site "Tauranga"]
[Date "2020.01.21"]
[Round "8.4"]
[White "Zhang, Boyuan"]
[Black "Dai, Oliver"]
[Result "0-1"]
[ECO "B11"]
[WhiteElo "1588"]
[BlackElo "1737"]
[Annotator "NA RC"]
[PlyCount "64"]
[EventDate "2020.01.14"]
[EventType "swiss"]
[EventCountry "NZL"]
[SourceTitle "playchess.com"]
[Source "ChessBase"]
[SourceQuality "1"]
[TimeControl "40/5400+30:1800+30"]

1. e4 c6 2. Nc3 d5 3. Nf3 Bg4 4. h3 Bxf3 5. Qxf3 e6 6. exd5 cxd5 7. Bb5+ Nc6 8. O-O Nf6 9. d4 Be7 10. Ne2 O-O 11. c3 a6 12. Bxc6 bxc6 13. Bg5 Rb8 14. Rfb1 a5 15. Nf4 Ne4 16. Bxe7 Qxe7 17. Qe3 Rb6 18. f3 Nd6 19. b3 Nf5 20. Qe1 Qf6 21. Nd3 Rb5 22. Ne5 Rc8 23. a4 Rb7 24. b4 axb4 25. Qf2 Qe7 26. Qb2 c5 27. Nd3 cxd4 28. cxd4 Rc4 29. Nc5 Rb8 30. Nb3 Qf6 31. Rd1 Ne3 32. Rd3 Rc2 0-1

[Event "127th NZ Congress Major 2020"]
[Site "Tauranga"]
[Date "2020.01.22"]
[Round "9.2"]
[White "Tang, Hao"]
[Black "Pakenham, John"]
[Result "1-0"]
[ECO "A80"]
[WhiteElo "1624"]
[BlackElo "1624"]
[Annotator "NA RC"]
[PlyCount "75"]
[EventDate "2020.01.14"]
[EventType "swiss"]
[EventCountry "NZL"]
[SourceTitle "playchess.com"]
[Source "ChessBase"]
[SourceQuality "1"]
[TimeControl "40/5400+30:1800+30"]

1. d4 e6 2. Nf3 f5 3. Bf4 Nf6 4. e3 b6 5. Be2 Bb7 6. O-O Be7 7. h3 O-O 8. c4 Na6 9. a3 c5 10. Nc3 Nc7 11. Ne5 d6 12. Nf3 Qd7 13. dxc5 bxc5 14. b4 cxb4 15. axb4 a6 16. Qb3 Kh8 17. Rfd1 Bxf3 18. Bxf3 Rab8 19. c5 d5 20. Na4 Qc6 21. Nb6 Nfe8 22. Be2 Bf6 23. Ra5 e5 24. Bh2 Rd8 25. Bxa6 Nxa6 26. Rxa6 Nc7 27. Ra2 d4 28. exd4 exd4 29. Qd3 Nb5 30. Rc1 g6 31. Nc4 Rfe8 32. Nd6 Nxd6 33. Bxd6 Rxd6 34. b5 Qc8 35. c6 Bd8 36. c7 Bf6 37. Rac2 Qb7 38. c8=Q 1-0

[Event "127th NZ Congress Major 2020"]
[Site "Tauranga"]
[Date "2020.01.22"]
[Round "9.3"]
[White "Ashe, Michael"]
[Black "Perrin, Brent"]
[Result "0-1"]
[ECO "A85"]
[WhiteElo "1460"]
[BlackElo "1804"]
[Annotator "NA RC"]
[PlyCount "83"]
[EventDate "2020.01.14"]
[EventType "swiss"]
[EventCountry "NZL"]
[SourceTitle "playchess.com"]
[Source "ChessBase"]
[SourceQuality "1"]
[TimeControl "40/5400+30:1800+30"]

1. d4 e6 2. c4 f5 3. Nc3 Nf6 4. f3 Bb4 (4... d5 5. Bg5 Be7 6. e3 O-O 7. Bd3 c5 8. Nge2 Nc6 9. a3 cxd4 10. exd4 e5 11. O-O exd4 12. Bxf6 dxc3 13. Bxc3 {1-0 (50) Ivanisevic,I (2662)-Rombaldoni,A (2518) Bergamo 2015}) 5. Bd2 O-O 6. a3 {[%emt 0:00:05] A85: Dutch Defence: 2 c4 Nf6 3 Nc3} Bxc3 7. Bxc3 b6 8. e3 Bb7 9. Qd2 d5 $146 ({Predecessor:} 9... a5 10. Nh3 a4 11. Bd3 Nc6 12. O-O {1-0 (35) Kempinski,R (2528)-Grabarczyk,B (2394) Plock 2000}) 10. Nh3 Nbd7 11. Bd3 c5 12. O-O Qc7 13. Nf4 Rae8 14. b4 $2 (14. Rac1 $16) 14... cxd4 15. exd4 dxc4 16. Bc2 Nd5 17. Ne2 (17. Nxd5 $17 Bxd5 18. Rfe1) 17... b5 18. Bb2 N7f6 19. Nc3 Qd7 20. Rfe1 a6 21. Re5 Qd6 22. Ree1 Nxc3 23. Bxc3 Nd5 24. Re5 Rd8 25. Rae1 Nxc3 26. Qxc3 Qxd4+ 27. Qxd4 Rxd4 28. Rxe6 Bc8 29. Re7 Rd7 30. R7e5 g6 31. a4 Rd2 32. R1e2 {[%emt 0:02:58] [#]} Rxe2 $1 33. Rxe2 Kf7 34. axb5 axb5 35. f4 (35. Kf1 {keeps fighting.}) 35... Rd8 36. g3 Rd4 37. Re5 $2 (37. Kf1) 37... Rd2 38. Bxf5 Bxf5 39. Rxb5 Rb2 $19 (39... c3 $142 40. Rc5 c2 41. Rc7+ Rd7 42. Rxc2 Bxc2) 40. Rb7+ Kg8 41. b5 (41. Rc7 $142 Be6 42. h4) 41... c3 42. Rb6 0-1

[Event "127th NZ Congress Major 2020"]
[Site "Tauranga"]
[Date "2020.01.22"]
[Round "9.4"]
[White "Dai, Oliver"]
[Black "Chen, Matthew"]
[Result "1-0"]
[ECO "B40"]
[WhiteElo "1737"]
[BlackElo "1596"]
[Annotator "NA"]
[PlyCount "115"]
[EventDate "2020.01.14"]
[EventType "swiss"]
[EventCountry "NZL"]
[SourceTitle "playchess.com"]
[Source "ChessBase"]
[SourceQuality "1"]
[TimeControl "40/5400+30:1800+30"]

1. e4 c5 2. Nf3 e6 3. Bd3 a6 4. O-O Nc6 5. c3 Nf6 6. Bc2 d6 7. Re1 Be7 8. d4 cxd4 9. cxd4 e5 10. d5 Na7 11. Nc3 b5 12. h3 a5 13. Be3 Bd7 14. Qe2 b4 15. Bxa7 Rxa7 16. Nd1 O-O 17. b3 Qb6 18. Nb2 Bb5 19. Bd3 Bxd3 20. Qxd3 Rc8 21. Na4 Qc7 22. Nd2 Nd7 23. Nc4 Nc5 24. Nxc5 Qxc5 25. Qe3 Qxe3 26. fxe3 Rc5 27. g3 f5 28. exf5 Rxd5 29. Rad1 Rc5 30. Re2 Rc6 31. Red2 Raa6 32. Kf2 a4 33. h4 axb3 34. axb3 Ra3 35. Nxa3 bxa3 36. Ra2 Ra6 37. Rd5 Bf6 38. e4 Kf7 39. b4 Ra4 40. Rb5 Be7 41. Ke3 d5 42. Rxd5 Bxb4 43. Rxe5 Be1 44. Kf3 Bc3 45. Rc5 Bb2 46. Rb5 Bc1 47. Rb1 Rc4 48. Rxc1 Rxc1 49. Rxa3 Rf1+ 50. Kg4 Re1 51. Kf4 Kf6 52. e5+ Kf7 53. Ra7+ Kf8 54. g4 Rf1+ 55. Ke4 Rg1 56. Kd5 Rxg4 57. Ke6 g6 58. f6 1-0

[Event "127th NZ Congress Major 2020"]
[Site "Tauranga"]
[Date "2020.01.22"]
[Round "9.5"]
[White "Gold, Hamish"]
[Black "Zhang, Boyuan"]
[Result "0-1"]
[ECO "D02"]
[WhiteElo "1683"]
[BlackElo "1588"]
[Annotator "NA RC"]
[PlyCount "76"]
[EventDate "2020.01.14"]
[EventType "swiss"]
[EventCountry "NZL"]
[SourceTitle "playchess.com"]
[Source "ChessBase"]
[SourceQuality "1"]
[TimeControl "40/5400+30:1800+30"]

1. d4 d5 2. Bf4 Nf6 3. e3 e6 4. c3 c5 5. Bd3 Nc6 6. Nf3 Bd6 7. Bg3 O-O 8. Nbd2 b6 9. Ne5 Bb7 10. Ng4 Be7 11. Nxf6+ Bxf6 12. h4 h6 13. Bf4 e5 14. dxe5 Bxe5 15. Qg4 Qf6 16. Bg5 Bc8 17. Qh5 Qe6 18. Qf3 Bd6 19. Bc2 Ne5 20. Qe2 a5 21. Bf4 Ba6 22. c4 dxc4 23. Bxe5 c3 24. Bxc3 Bxe2 25. Kxe2 Be5 26. Bb3 Qg4+ 27. Kf1 Bxc3 28. bxc3 Qg6 29. e4 Rad8 30. Bd5 Rxd5 31. exd5 Qd3+ 32. Kg1 Qxd2 33. Rb1 Qxa2 34. Rxb6 Qxd5 35. Rh3 Re8 36. Rg3 a4 37. Rxh6 a3 38. Ra6 Ra8 0-1